Map: Lost and Found LE

Players

Dark - Winner!

  • Race: Zerg Zerg
  • Spawn Location: 7:00

ShoWTimE

  • Race: Protoss Protoss
  • Spawn Location: 1:00

Event: 2018 WCS Global Finals

VOD

Have the link to the VOD?

Description

Time

  • Played on: Oct. 28, 2018, 5:21 p.m.
  • Length: 10:32

All games in this series

Show
View Real Time Build Order
Export as new Build Order

Dark Zerg - Winner!

Build Orders: Hatch First, Lurkers 

Get SALT Encoding   

  12  0:00  Drone  
  13  0:12  Overlord  
  13  0:16  Drone  
  14  0:30  Drone x2  
  14  0:34  Drone  
  17  0:50  Drone  
  17  0:56  Drone  
  19  0:57  Hatchery  
  18  1:04  Extractor  
  17  1:11  Spawning Pool  
  17  1:14  Drone  
  17  1:18  Drone  
  18  1:29  Drone  
  19  1:41  Hatchery  
  19  1:44  Drone  
  19  1:53  Drone  
  20  2:05  Metabolic Boost  
  20  2:07  Drone  
  21  2:09  Queen  
  21  2:11  Drone  
  21  2:15  Drone  
  25  2:22  Overlord  
  25  2:25  Drone  
  26  2:33  Zergling x4  
  28  2:40  Queen  
  28  2:42  Zergling x2  
  32  2:44  Zergling x2  
  31  2:52  Drone  
  31  2:57  Drone x2  
  33  3:03  Drone  
  33  3:06  Drone x2  
  33  3:08  Queen  
  37  3:14  Queen  
  37  3:16  Overlord  
  37  3:19  Drone  
  40  3:23  Drone  
  40  3:25  Drone  
  42  3:28  Overlord  
  42  3:32  Overlord  
  42  3:35  Drone  
  42  3:36  Drone  
  42  3:38  Drone  
  42  3:39  Drone  
  46  3:44  Lair  
  46  3:52  Spore Crawler  
  46  3:54  Spore Crawler  
  46  3:55  Spore Crawler  
  43  3:57  Drone x2  
  43  3:58  Drone  
  43  4:01  Drone  
  43  4:02  Drone  
  48  4:03  Drone  
  48  4:05  Drone  
  48  4:09  Drone x2  
  52  4:12  Extractor  
  52  4:14  Drone x2  
  52  4:15  Drone  
  54  4:19  Overlord  
  54  4:20  Drone  
  55  4:26  Drone  
  55  4:27  Drone x2  
  55  4:30  Extractor  
  57  4:32  Extractor  
  57  4:33  Drone x2  
  57  4:37  Drone  
  57  4:38  Drone x2, Overlord  
  61  4:46  Drone x2, Overlord  
  61  4:47  Hydralisk Den  
  61  4:50  Overlord  
  62  4:59  Drone  
  62  5:00  Zergling x12  
  62  5:03  Drone x2  
  62  5:05  Drone, Extractor  
  70  5:19  Hydralisk x4, Muscular Augments  
  78  5:22  Hydralisk  
  78  5:24  Hydralisk  
  82  5:30  Overlord  
  82  5:41  Overlord  
  82  5:42  Spore Crawler  
  81  5:44  Hydralisk  
  81  5:45  Hydralisk  
  83  5:55  Drone x7  
  86  5:57  Drone  
  86  6:00  Drone x2  
  86  6:01  Drone x2  
  86  6:02  Drone  
  86  6:03  Drone x2  
  91  6:04  Drone x2  
  91  6:06  Drone  
  91  6:07  Drone  
  95  6:18  Hydralisk x3  
  94  6:23  Baneling Nest  
  99  6:26  Overlord  
  99  6:27  Overlord  
  99  6:30  Grooved Spines  
  99  6:38  Overlord x3  
  99  6:39  Overlord  
  98  6:45  Hydralisk x5  
  108  6:47  Hydralisk  
  108  6:51  Hydralisk  
  108  6:52  Overlord  
  112  6:59  Hydralisk x2  
  112  7:01  Hydralisk  
  116  7:02  Zergling x6  
  116  7:05  Zergling x2  
  122  7:11  Zergling x6  
  122  7:15  Hatchery  
  123  7:21  Overseer  
  123  7:24  Evolution Chamber  
  123  7:26  Drone x6, Lurker Den  
  123  7:29  Extractor  
  127  7:30  Drone  
  127  7:35  Drone  
  127  7:36  Drone  
  125  7:38  Drone  
  126  7:44  Drone  
  126  7:45  Drone x2  
  126  7:46  Drone x2  
  126  7:49  Drone x2  
  131  7:52  Drone  
  131  7:53  Drone x2  
  131  7:56  Zerg Missile Weapons Level 1  
  134  8:04  Overlord  
  134  8:09  Hatchery  
  129  8:20  Drone x2  
  129  8:21  Drone  
  129  8:25  Hydralisk x5  
  129  8:26  Hydralisk  
  143  8:28  Zergling x4  
  143  8:29  Zergling x6  
  143  8:31  Spore Crawler  
  143  8:32  Extractor x2  
  143  8:33  Zergling x2  
  143  8:34  Zergling x4  
  148  8:45  Zergling x8  
  148  8:46  Zergling x6  
  152  8:53  Zergling x8  
  152  8:54  Zergling x2  
  155  8:58  Overlord x2  
  155  8:59  Lurker  
  155  9:00  Lurker x12  
  168  9:08  Drone, Infestation Pit  
  168  9:16  Overlord  
  167  9:17  Hydralisk x2  
  167  9:18  Hydralisk x3  
  167  9:19  Zergling x8  
  167  9:20  Zergling x2  
  167  9:21  Zergling x6  
  167  9:22  Zergling x2  
  185  9:26  Baneling x5  
  185  9:27  Baneling x2  
  185  9:28  Zergling x6  
  185  9:31  Zergling x4  
  189  9:36  Zergling x4  
  188  9:51  Zergling x2  
  178  10:00  Evolution Chamber  
  178  10:01  Zergling x2  
  178  10:02  Zergling x28  
  182  10:09  Zergling x4  
  182  10:10  Zergling x8  
  182  10:12  Zergling x4  
Show
View Real Time Build Order
Export as new Build Order

ShoWTimE Protoss 

Build Orders: 1 Gate Expand, Oracle Opening, Phoenix Opening, Mass Phoenix 

Get SALT Encoding   

  12  0:00  Probe  
  13  0:13  Probe, Pylon  
  14  0:21  Probe  
  15  0:31  Probe  
  16  0:38  Gateway  
  16  0:43  Probe  
  17  0:50  Assimilator  
  17  0:55  Probe  
  18  1:07  Probe  
  19  1:19  Probe  
  20  1:26  Cybernetics Core  
  20  1:35  Nexus  
  20  1:43  Pylon  
  20  1:45  Probe  
  21  1:50  Assimilator  
  21  1:54  Adept  
  21  1:55  Probe  
  22  2:04  Probe  
  25  2:12  Probe  
  25  2:20  Adept  
  28  2:23  Probe  
  28  2:26  Stargate  
  29  2:33  Warp Gate  
  29  2:35  Probe  
  30  2:47  Probe  
  30  2:50  Adept  
  33  2:54  Probe  
  34  3:00  Probe  
  34  3:01  Phoenix  
  34  3:02  Probe  
  33  3:10  Probe  
  33  3:12  Pylon, Probe  
  38  3:21  Probe  
  38  3:24  Probe  
  38  3:25  Gateway  
  38  3:27  Oracle  
  40  3:33  Probe  
  44  3:35  Assimilator  
  44  3:36  Probe  
  44  3:38  Assimilator  
  45  3:44  Probe  
  45  3:48  Probe  
  47  3:52  Probe, Pylon  
  47  3:55  Stargate  
  47  4:00  Probe x2  
  49  4:05  Adept  
  52  4:11  Probe  
  52  4:12  Probe  
  52  4:13  Phoenix  
  56  4:18  Pylon  
  56  4:23  Probe  
  57  4:25  Probe  
  58  4:32  Phoenix  
  58  4:40  Phoenix  
  62  4:49  Adept x2  
  62  4:50  Pylon  
  66  4:58  Phoenix x2  
  68  5:04  Pylon  
  70  5:11  Nexus  
  70  5:21  Pylon  
  70  5:24  Phoenix, Shield Battery  
  70  5:26  Phoenix, Shield Battery  
  74  5:35  Robotics Facility  
  74  5:38  Robotics Facility  
  74  5:40  Probe x2  
  74  5:42  Sentry  
  78  5:53  Probe x2, Sentry  
  78  6:05  Probe x2  
  78  6:07  Gateway x2  
  80  6:14  Immortal, Zealot  
  80  6:17  Immortal, Probe, Zealot  
  80  6:18  Probe  
  89  6:29  Probe  
  89  6:30  Probe  
  89  6:31  Probe  
  96  6:40  Forge  
  96  6:41  Pylon  
  96  6:42  Probe  
  96  6:43  Probe x2  
  96  6:45  Pylon  
  96  6:46  Immortal  
  99  6:49  Sentry x2  
  103  6:54  Pylon  
  107  7:03  Probe x3  
  108  7:11  Shield Battery  
  108  7:12  Shield Battery  
  108  7:13  Immortal  
  108  7:15  Probe  
  109  7:16  Sentry x2  
  109  7:20  Immortal, Pylon  
  117  7:23  Shield Battery  
  117  7:26  Pylon  
  117  7:29  Shield Battery  
  121  7:38  Probe x3  
  121  7:40  Assimilator x2  
  124  7:45  Immortal  
  124  7:49  Sentry x2  
  125  7:52  Immortal, Pylon  
  125  7:54  Pylon  
  125  7:57  Protoss Ground Weapons Level 1  
  129  7:59  Probe  
  129  8:04  Shield Battery  
  134  8:14  Immortal  
  134  8:15  Twilight Council  
  134  8:16  Zealot x3  
  140  8:21  Pylon  
  144  8:41  Gateway  
  144  8:42  Nexus  
  144  8:43  Pylon, Gateway  
  144  8:44  Charge  
  144  8:47  Pylon  
  144  8:55  Templar Archives  
  142  8:59  Gateway  
  142  9:04  Gateway  
  142  9:05  Pylon  
  142  9:10  Shield Battery  
  142  9:12  Shield Battery  
  142  9:13  Shield Battery  
  142  9:15  Shield Battery  
  142  9:16  Pylon  
  142  9:17  Immortal  
  142  9:18  Observer  
  147  9:28  Shield Battery  
  147  9:31  Photon Cannon  
  147  9:34  Photon Cannon  
  147  9:35  High Templar x3  
  153  9:43  Oracle  
  156  9:46  Zealot x3  
  111  10:13  High Templar x2  
  118  10:16  Zealot x4  
Tags
 
Add a new tag
Caveats
  • Supply blocks, unpowered buildings, or Contaminate may cause inaccurate times.
  • Supply counts are checked every 10 seconds.